 Dungeon Crawl Stone Soup version 0.29-a0-887-gcbe080d7e0 (webtiles) character file.

Game seed: 12501709465649383814

6146 funkygono the Thaumaturge (level 10, 0/56 HPs)
             Began as a Gargoyle Fire Elementalist on July 21, 2022.
             Slain by a two-headed ogre
             ... wielding a +0 giant spiked club
              (15 damage)
             ... on level 9 of the Dungeon.
             The game lasted 00:21:48 (12112 turns).

funkygono the Thaumaturge (GrFE)                   Turns: 12112, Time: 00:21:49

Health: 0/56       AC: 23    Str: 17    XL:     10   Next: 90%
Magic:  16/23      EV: 11    Int: 21    God:
Gold:   478        SH:  0    Dex: 10    Spells: 13/27 levels left

rFire   + . .      SeeInvis .   D - +4 mace
rCold   . . .      Faith    .   (no shield)
rNeg    + . .      Spirit   .   d - +3 ring mail rPois āˆž Reflect .
                                v - +4 helmet of Roisoem {rElec rF+}
rElec   +          Harm     .   (no cloak)
rCorr   .          Rampage  .   a - +2 pair of gloves
Will    .....                   (no boots)
Stlth   +.........              (no amulet)
HPRegen 0.18/turn               j - +6 ring of strength
MPRegen 0.18/turn               (no ring)

@: no status effects
A: sickness immunity, AC +7, negative energy resistance 1, electricity
resistance, torment resistance 1, petrification resistance
a: no special abilities


You were on level 9 of the Dungeon.
You visited 2 branches of the dungeon, and saw 10 of its levels.
You also visited: Sewer.

You collected 478 gold pieces.

Inventory:

Hand Weapons
 r - a +2 whip of flaming
 D - a +4 mace (weapon)
Armour
 a - a +2 pair of gloves (worn)
 c - a +0 troll leather armour {Pargi}
 d - a +3 ring mail (worn)
 g - +0 steam dragon scales
 v - the +4 helmet of Roisoem (worn) {rElec rF+}
   (You found it on level 3 of the Dungeon)

   rF:        It protects you from fire.
   rElec:     It insulates you from electricity.
Magical Staves
 k - a staff of cold
 u - a staff of earth
Jewellery
 j - a +6 ring of strength (left hand)
Wands
 l - a wand of iceblast (18)
 y - a wand of flame (13)
Scrolls
 m - 5 scrolls of amnesia
 o - 2 scrolls of butterflies
 p - 2 scrolls of enchant armour {unknown}
 w - a scroll of noise {unknown}
 C - a scroll of teleportation
Potions
 b - 3 potions of magic
 e - a potion of invisibility {unknown}
 f - a potion of berserk rage {unknown}
 h - 3 potions of haste
 i - 5 potions of curing
 n - 2 potions of brilliance {unknown}
 q - a potion of cancellation {unknown}
 s - 4 potions of flight
 t - 3 potions of mutation
 x - a potion of lignification {unknown}
 A - 2 potions of might {unknown}
 B - a potion of degeneration {unknown}


   Skills:
 + Level 4.1 Fighting
 + Level 0.6 Maces & Flails
 + Level 2.4 Armour
 + Level 2.6 Dodging
 - Level 2.1 Stealth
 + Level 9.3 Spellcasting
 + Level 7.5 Conjurations
 + Level 9.0 Fire Magic
 + Level 4.0 Earth Magic


You had 13 spell levels left.
You knew the following spells:

 Your Spells              Type           Power      Damage    Failure   Level
a - Foxfire               Conj/Fire      100%       2x1d9     1%          1
b - Scorch                Fire           94%        2d10      1%          2
c - Conjure Flame         Conj/Fire      44%        6-21      1%          3
d - Flame Wave            Conj/Fire      44%        2d10      4%          4
e - Sandblast             Erth           54%        2d13      2%          1
f - Stone Arrow           Conj/Erth      68%        3d11      3%          3

Your spell library contained the following spells:

 Spells                   Type           Power      Damage    Failure   Level
 Inner Flame              Hex/Fire       28%        N/A       6%          3
 Passwall                 Tmut/Erth      15%        N/A       9%          2
 Gell's Gravitas          Tloc           9%         N/A       36%         3
 Ozocubu's Armour         Ice            9%         N/A       36%         3
 Teleport Other           Tloc           9%         N/A       36%         3
 Dispersal                Tloc           4%         N/A       100%        6
 Ozocubu's Refrigeration  Ice            4%         4d5       100%        7


Dungeon Overview and Level Annotations

Branches:
Dungeon (9/15)             Temple (1/1) D:6            Lair (0/5) D:8
  Sewer (visited)
    Orc: D:9-12

Altars:
Ashenzari
Cheibriados
Dithmenos
Elyvilon
Fedhas
Gozag
Hepliaklqana
Kikubaaqudgha
Makhleb
Nemelex Xobeh
Okawaru
Ru
Sif Muna
Trog
Uskayaw
Wu Jian
Xom
Yredelemnul
The Shining One


Innate Abilities, Weirdness & Mutations

You are immune to sickness and miasma.
Your stone body is resilient. (AC +7)
You are immune to poison.
You resist negative energy. (rN+)
You are resistant to electric shocks. (rElec)
You are resistant to unholy torment.
You are immune to petrification.


Message History

Flames lash the two-headed ogre but do no damage.
The foxfire hits the two-headed ogre.
The two-headed ogre is lightly wounded.
The foxfire hits the two-headed ogre.
The two-headed ogre is lightly wounded.
The two-headed ogre hits you with a +0 giant spiked club! x2
Casting: Scorch (safe; 1% risk of failure)
Confirm with . or Enter, or press ? or * to list all spells.
You conjure some foxfire!
Casting: Foxfire (safe; 1% risk of failure)
Confirm with . or Enter, or press ? or * to list all spells.
Flames lash the two-headed ogre.
The two-headed ogre is moderately wounded.
The two-headed ogre's fire resistance burns away.
The foxfire hits the two-headed ogre.
The two-headed ogre is burned terribly!
The two-headed ogre is moderately wounded.
The foxfire hits the two-headed ogre but does no damage.
The two-headed ogre is moderately wounded.
The two-headed ogre barely misses you. The two-headed ogre closely misses you.
Casting: Scorch (safe; 1% risk of failure)
Confirm with . or Enter, or press ? or * to list all spells.
Flames lash the two-headed ogre.
The two-headed ogre is burned terribly!
The two-headed ogre is moderately wounded.
The two-headed ogre closely misses you. x2
Unknown command.
Casting: Scorch (safe; 1% risk of failure)
Confirm with . or Enter, or press ? or * to list all spells.
Flames lash the two-headed ogre.
The two-headed ogre is burned terribly!
The two-headed ogre is heavily wounded.
The two-headed ogre attacks as you move away!
The two-headed ogre closely misses you.
The two-headed ogre hits you but does no damage.
Unknown command.
Things that are here:
a +1 vorpal shortbow; 6 poisoned darts The two-headed ogre attacks as you move away!
The two-headed ogre hits you with a +0 giant spiked club!!
* * * LOW HITPOINT WARNING * * *
The two-headed ogre hits you with a +0 giant spiked club!
You die...

###.#..##.#####.###
#.#..##.........######
##.#..######..#.......##
##.....# #..###...^...##
#......#####.##_##..āŒ .....
...........#..##'.......##
#...)..###.##..#...P....#
.#..........)....Pā‰ˆā‰ˆP.[##
###.##.###.###.O@.PP..## #
##...# #.# #.##....##
###.######.# #.##.#.##
.#.........###.##...# ######
#.#######......##.### ......
#.# ##.#######.#######.
######
#.######..................
#.........####............
#########.# #..########..


You could see a two-headed ogre (combustible).

Vanquished Creatures
  Joseph (D:7)
  A komodo dragon (D:8)
  A troll (D:9)
  6 yaks
  A wraith (D:9)
  Eustachio (D:6)
  2 steam dragons (D:9)
  Menkaure (D:6)
  A water moccasin (D:7)
  An orc warrior (D:9)
  2 black bears
  Pargi (Sewer)
  2 ice beasts
  5 centaurs
  A phantom (D:6)
  A kobold brigand (D:6)
  Blork the orc (D:5)
  A necrophage (D:6)
  4 bullfrogs
  5 scorpions
  17 wights
  A howler monkey (D:8)
  Ijyb (D:5)
  A gnoll bouda (D:6)
  5 hounds
  3 jellies
  4 orc priests
  Natasha (thrice) (D:2)
  8 orc wizards
  8 gnolls
  9 adders
  A river rat (D:6)
  A shadow imp (D:7)
  3 white imps
  An ufetubus (D:5)
  3 worms
  2 dart slugs
  20 orcs
  9 ball pythons
  7 endoplasms
  5 giant cockroaches
  10 goblins
  10 hobgoblins
  11 jackals
  15 kobolds
  3 quokkas
  6 bats
  8 frilled lizards
  11 rats
225 creatures vanquished.

Vanquished Creatures (others)
  An orc wizard (D:9)
  870 foxfires
  43 plants (D:8)
914 creatures vanquished.

Grand Total: 1139 creatures vanquished

Notes
Turn   | Place    | Note
-------+----------+-------------------------------------------
     0 | D:1      | funkygono the Gargoyle Fire Elementalist began the quest
                  | for the Orb.
     0 | D:1      | Reached XP level 1. HP: 10/10 MP: 3/3
   247 | D:1      | Reached XP level 2. HP: 12/15 MP: 3/5
   250 | D:1      | Learned a level 2 spell: Scorch
   662 | D:1      | Found a faded altar of an unknown god.
   823 | D:1      | Reached XP level 3. HP: 19/19 MP: 1/6
  1576 | D:2      | Learned a level 3 spell: Conjure Flame
  1949 | D:2      | Noticed Natasha
  1953 | D:2      | Killed Natasha
  1954 | D:2      | Reached XP level 4. HP: 24/24 MP: 4/8
  2113 | D:2      | Noticed Natasha
  2120 | D:2      | Killed Natasha
  2121 | D:2      | Reached XP level 5. HP: 28/28 MP: 0/9
  2360 | D:2      | Noticed Natasha
  2377 | D:2      | Killed Natasha
  2505 | D:2      | Found a shadowy altar of Dithmenos.
  2945 | D:3      | You fall into a shaft and drop 1 floor!
  2983 | D:4      | Found a sacrificial altar of Ru.
  3395 | D:3      | Identified the +4 helmet of Roisoem {rElec rF+}
  3428 | D:3      | Reached XP level 6. HP: 33/33 MP: 7/11
  3430 | D:3      | Reached skill level 1 in Fighting
  4067 | D:4      | Learned a level 4 spell: Flame Wave
  4069 | D:4      | Learned a level 1 spell: Sandblast
  4710 | D:5      | Entered Level 5 of the Dungeon
  4710 | D:5      | Noticed an ice beast
  4717 | D:5      | Killed an ice beast
  4718 | D:5      | Reached skill level 5 in Fire Magic
  4718 | D:5      | Reached XP level 7. HP: 38/38 MP: 4/13
  4823 | D:5      | Noticed Blork the orc
  4845 | D:5      | Killed Blork the orc
  5063 | D:5      | Noticed Ijyb
  5070 | D:5      | Killed Ijyb
  5376 | D:5      | Reached skill level 5 in Spellcasting
  5701 | D:5      | Learned a level 3 spell: Stone Arrow
  5948 | D:6      | Found a glowing drain.
  5993 | D:6      | Reached XP level 8. HP: 45/45 MP: 10/16
  5998 | Sewer    | Entered a sewer
  6151 | Sewer    | Noticed Pargi
  6159 | Sewer    | Killed Pargi
  6267 | Sewer    | Reached skill level 1 in Earth Magic
  7065 | D:6      | Noticed Eustachio
  7072 | D:6      | Killed Eustachio
  7073 | D:6      | Reached skill level 5 in Conjurations
  7073 | D:6      | Reached XP level 9. HP: 51/51 MP: 9/19
  7297 | D:6      | Noticed Menkaure
  7303 | D:6      | Killed Menkaure
  7339 | D:6      | Found a staircase to the Ecumenical Temple.
  7348 | Temple   | Entered the Ecumenical Temple
  8259 | D:7      | Noticed Joseph
  8288 | D:7      | Killed Joseph
  9348 | D:7      | Reached XP level 10. HP: 56/56 MP: 16/21
 10101 | D:8      | Reached skill level 1 in Armour
 10294 | D:8      | Found a staircase to the Lair.
 11674 | D:9      | Found a glowing golden altar of the Shining One.
 12085 | D:9      | Noticed a two-headed ogre
 12112 | D:9      | Slain by a two-headed ogre

Illustrated notes

Levels and vault maps discovered:
D:1:      dpeg_arrival_tiny_i, layout_basic,
          hellmonk_ecumenical_altar_dog_temple, chequers_serial_rivers_room_a,
          minmay_misc_feat_x
D:2:      layout_rooms, basic_altar, minmay_octomino_j4, uniq_natasha
D:3:      layout_basic
D:4:      layout_loops_ring, kennysheep_mini, minmay_tree_intersection
D:5:      layout_gridville, uniq_blork_the_orc, uniq_ijyb
D:6:      layout_loops_ring, lemuel_temple_firewalk_a,
          cheibrodos_sewer_entry_sluice, uniq_eustachio, uniq_menkaure
D:7:      layout_rooms, palyth_stone_intersect, uniq_joseph
D:8:      layout_gridville, david_lair_shrubbed
D:9:      layout_loops_ring, tso_oasis_becter
Temple:   bh_familiar_temple

Skill      XL: |  1  2  3  4  5  6  7  8  9 10 |
---------------+-------------------------------+-----
Conjurations   | 2 3 5 6 7 |  7.5
Fire Magic     | 4 5 6 7 9 |  9.0
Spellcasting   | 3 4 5 6 7 9 |  9.3
Fighting       | 1 2 3 4 |  4.1
Earth Magic    | 2 4 |  4.0
Dodging        | 2 |  2.6
Armour         | 2 |  2.4
Maces & Flails | |  0.6
Stealth        | |  2.1

Action                   |  1- 3 |  4- 6 |  7- 9 | 10-12 || total
-------------------------+-------+-------+-------+-------++-------
Melee: Whip              |    10 |    13 |     7 |     2 ||    32
       Mace              |       |       |       |     5 ||     5
 Cast: Foxfire           |    77 |    95 |   227 |   108 ||   507
       Scorch            |     1 |    17 |    35 |    36 ||    89
       Flame Wave        |       |       |     1 |     7 ||     8
  Use: Scroll            |       |       |    14 |     2 ||    16
Armor: Robe              |    21 |    16 |    37 |       ||    74
       Ring mail         |       |       |       |    12 ||    12
       Troll leather arm |       |       |       |     4 ||     4
Dodge: Dodged            |    45 |    17 |    41 |    39 ||   142

Table legend: (Time is in decaauts)
 A = Elapsed time spent in this place.
 B = Non-inter-level travel time spent in this place.
 C = Inter-level travel time spent in this place.
 D = Time resting spent in this place.
 E = Time spent auto-exploring this place.
 F = Levels seen in this place.
 G = Mean time per level.
                   A        B        C        D        E       F      G
               +--------+--------+--------+--------+--------+-----+--------+
         Total |  12164 |  11879 |    285 |   1785 |   8139 |  11 | 1105.8 |
       Dungeon |  11632 |  11368 |    264 |   1739 |   7755 |   9 | 1292.4 |
        Temple |    189 |    169 |     20 |      0 |    165 |   1 |  189.0 |
         Sewer |    342 |    342 |      0 |     46 |    219 |   1 |  342.0 |
               +--------+--------+--------+--------+--------+-----+--------+

Top non-repeatable levels by time:
     D:6: 2207 daAuts
     D:8: 1658 daAuts
     D:1: 1468 daAuts
     D:2: 1215 daAuts
     D:3: 1085 daAuts
     D:7: 1069 daAuts
     D:5: 1027 daAuts
     D:9: 957 daAuts
     D:4: 942 daAuts
   Sewer: 342 daAuts
  Temple: 189 daAuts
